Map: Triton LE

Players

SpeCial

  • Race: Terran Terran
  • Spawn Location: 5:00

soO - Winner!

  • Race: Zerg Zerg
  • Spawn Location: 11:00

Event: 2019 WCS Global FInals

VOD

Have the link to the VOD?

Description

Time

  • Played on: Oct. 24, 2019, 2:23 a.m.
  • Length: 15:54

All games in this series

Show
View Real Time Build Order
Export as new Build Order

SpeCial Terran 

Build Orders: Gas First Reaper Expand, Banshee Rush 

Get SALT Encoding   

  12  0:00  SCV  
  13  0:12  SCV  
  14  0:16  Supply Depot  
  14  0:24  SCV  
  14  0:27  Refinery  
  15  0:38  SCV  
  16  0:44  Barracks  
  16  0:50  SCV  
  17  1:02  SCV  
  18  1:14  SCV  
  19  1:32  Reaper, Orbital Command  
  20  1:41  Command Center  
  20  1:52  Factory  
  20  1:58  SCV  
  21  2:05  Barracks Reactor  
  21  2:10  SCV  
  21  2:15  Supply Depot, Refinery  
  22  2:22  SCV  
  23  2:36  SCV  
  24  2:44  Starport  
  24  2:48  SCV  
  24  2:51  Hellion x2, Barracks Tech Lab  
  29  2:56  Orbital Command  
  29  3:00  SCV  
  30  3:16  Hellion x2  
  30  3:18  Bunker, SCV  
  35  3:22  SCV  
  35  3:25  Marine  
  37  3:28  Medivac  
  37  3:32  SCV  
  41  3:34  SCV  
  41  3:43  Supply Depot  
  41  3:44  Widow Mine  
  41  3:45  Widow Mine  
  41  3:46  Marine  
  46  3:52  Cloaking Field  
  46  3:59  Supply Depot  
  46  4:04  Banshee  
  46  4:05  Barracks Tech Lab, SCV x2  
  51  4:11  Supply Depot  
  51  4:17  SCV x2  
  51  4:22  Command Center  
  53  4:25  Marine  
  53  4:26  Stimpack  
  53  4:30  SCV x2  
  56  4:42  SCV x2  
  56  4:43  Marine  
  59  4:45  Barracks  
  59  4:49  Banshee  
  60  4:54  SCV  
  60  4:57  SCV  
  56  5:00  Factory Reactor  
  56  5:01  Marine  
  56  5:04  Barracks  
  56  5:07  SCV  
  58  5:09  Engineering Bay  
  58  5:10  Engineering Bay  
  58  5:14  SCV  
  59  5:19  Marine, SCV  
  52  5:28  SCV  
  52  5:31  SCV  
  54  5:36  Marine  
  54  5:37  Orbital Command  
  54  5:38  Refinery x2  
  54  5:40  Marine x2  
  54  5:42  Terran Infantry Weapons Level 1, Terran Infantry Armor Level 1  
  57  5:43  Starport Reactor  
  57  5:46  SCV  
  58  5:53  Barracks  
  58  5:54  Siege Tank, Marine  
  62  5:57  SCV  
  62  5:58  SCV  
  62  6:00  Barracks  
  62  6:01  Marine x4  
  68  6:07  Orbital Command  
  68  6:10  Supply Depot  
  68  6:12  Marine, SCV x2  
  68  6:14  Supply Depot  
  71  6:19  Marine x2  
  71  6:20  Medivac x2, Marine x2  
  71  6:24  SCV x2  
  81  6:29  Siege Tank  
  81  6:30  Marine  
  85  6:34  SCV  
  85  6:36  SCV x2  
  85  6:37  Marine  
  89  6:41  Barracks Reactor  
  89  6:46  SCV  
  90  6:48  Marine x3, SCV x2  
  95  6:54  Barracks Reactor  
  95  6:55  Supply Depot  
  95  6:56  Supply Depot  
  95  6:58  SCV  
  95  7:00  SCV x2  
  98  7:02  Medivac, Siege Tank  
  98  7:07  Marine  
  101  7:15  Refinery  
  101  7:17  Medivac, Marine x3, SCV x3  
  101  7:19  Supply Depot  
  109  7:23  Armory  
  109  7:29  Marine, SCV x2  
  112  7:34  Siege Tank  
  112  7:36  Marine  
  108  7:38  SCV  
  108  7:39  Marine  
  108  7:41  SCV  
  108  7:42  SCV  
  108  7:43  Marine  
  108  7:44  Marine  
  112  7:47  Marine  
  112  7:50  SCV  
  114  7:51  Marine x2  
  114  7:52  Marine x2  
  114  7:53  SCV  
  114  7:54  Marine, SCV  
  114  7:56  Combat Shield  
  114  7:57  Marine  
  122  8:01  Marine x2  
  125  8:05  SCV  
  125  8:08  Factory  
  125  8:10  Supply Depot x2  
  125  8:12  Supply Depot, Marine  
  125  8:14  Terran Infantry Armor Level 2, Terran Infantry Weapons Level 2  
  125  8:31  Marine x8  
  125  8:32  Marine  
  116  8:44  SCV x2  
  116  8:45  SCV  
  116  8:47  Missile Turret  
  116  8:48  Siege Tank  
  119  8:49  Marine x7  
  119  8:52  Missile Turret  
  119  8:53  Factory Reactor  
  119  8:54  Medivac x2  
  129  8:57  Marine x2  
  129  8:59  Drilling Claws, Missile Turret  
  131  9:07  Marine x7  
  131  9:08  Terran Vehicle And Ship Armor Level 1  
  138  9:15  Marine x2  
  137  9:20  Command Center  
  137  9:22  Thor  
  143  9:24  Marine x3  
  143  9:25  Marine, Marauder  
  149  9:31  Supply Depot  
  149  9:32  Supply Depot  
  149  9:35  Supply Depot, Marine  
  149  9:36  Widow Mine x2  
  154  9:38  Bunker  
  154  9:40  Marine  
  154  9:43  Marine x2  
  157  9:53  Supply Depot, Marine x4, Marauder  
  157  9:56  Supply Depot  
  157  9:58  Barracks x2  
  157  9:59  Barracks  
  163  10:00  Marine  
  163  10:01  Marine x3  
  167  10:09  Widow Mine x2  
  167  10:10  Marine x4  
  167  10:12  Thor  
  181  10:15  Marauder  
  181  10:18  Supply Depot, Marine x2  
  181  10:19  Marine x2  
  187  10:28  Marine x3  
  187  10:30  Marine  
  184  10:36  Marine x3  
  184  10:39  SCV x2  
  184  10:41  Widow Mine  
  184  10:42  Widow Mine  
  193  10:43  Marine x2  
  193  10:45  Marine x2  
  193  10:46  Marine x2  
  199  10:51  Marine  
  200  11:02  Planetary Fortress  
  200  11:04  Terran Infantry Weapons Level 3, Terran Infantry Armor Level 3  
  200  11:07  Marine  
  200  11:13  Sensor Tower  
  198  11:19  Marauder  
  200  11:26  Missile Turret x2  
  140  11:40  Barracks Tech Lab x2, Marine x5, Marauder  
  140  11:41  Barracks Tech Lab, Marine  
  140  11:42  Thor, Widow Mine  
  140  11:43  Widow Mine  
  158  11:47  Marine x2  
  160  11:59  Command Center  
  160  12:02  Marauder  
  160  12:04  Widow Mine x2  
  160  12:07  Marauder, Marine, Missile Turret  
  169  12:12  Marine x2  
  169  12:13  Marauder  
  169  12:14  Marine  
  162  12:25  Widow Mine x2  
  162  12:26  Widow Mine  
  162  12:27  Marine  
  162  12:28  Marauder  
  162  12:29  Marine x2  
  122  12:30  Medivac  
  122  12:32  Marine x7  
  122  12:33  Marine  
  123  12:38  SCV  
  123  12:39  SCV  
  121  12:45  Marine  
  121  12:47  Widow Mine x3, Marine x2  
  121  12:49  Marauder  
  121  12:50  Marine  
  111  12:57  SCV x2  
  104  12:58  SCV  
  104  13:01  Marine  
  104  13:02  Marine x5, Marauder  
  112  13:08  Widow Mine x3  
  112  13:09  SCV x2  
  112  13:11  SCV  
  121  13:13  Orbital Command  
  121  13:15  Missile Turret  
  121  13:16  Marine  
  122  13:21  SCV x2  
  122  13:23  Orbital Command  
  122  13:24  SCV  
  122  13:25  Marine  
  126  13:27  Missile Turret  
  126  13:29  Widow Mine, Marine, Marauder  
  126  13:31  Marauder  
  126  13:33  SCV  
  134  13:36  Widow Mine, Marine  
  134  13:37  Widow Mine, Marauder  
  141  13:42  Marine x2  
  141  13:46  Marine x2  
  141  13:47  Marine x3, Marauder  
  150  13:50  Marine  
  150  13:53  Marauder  
  153  13:55  Marine  
  153  13:58  Marauder  
  153  13:59  Marine  
  153  14:00  Widow Mine x2, Marine  
  160  14:04  Marine x2  
  160  14:05  Marine  
  160  14:08  Marauder  
  163  14:12  Marine, Marauder  
  163  14:13  Supply Depot  
  163  14:14  Supply Depot, Marine  
  163  14:15  Supply Depot, Marine, Marauder  
  168  14:17  Marine  
  168  14:18  Marine  
  168  14:20  Marauder  
  168  14:21  Supply Depot  
  168  14:22  Marine  
  173  14:25  Marine x2  
  173  14:30  Marine, Marauder  
  178  14:32  Marine  
  178  14:38  Marine  
  175  14:39  Marauder  
  175  14:40  Widow Mine  
  175  14:43  Supply Depot  
  149  14:46  Marine x2  
  149  14:47  Marine, Marauder  
  149  14:48  Marauder  
  128  14:55  Marine x2  
  128  14:57  Widow Mine x2, Marine  
  128  14:58  Medivac x2, Marine  
  128  14:59  SCV  
  117  15:00  SCV x2  
  117  15:01  Orbital Command  
  117  15:02  Marine  
  110  15:12  SCV x3  
  110  15:13  Marauder  
  113  15:19  Marauder  
  110  15:22  Marine  
  110  15:23  Marine  
  110  15:24  SCV x3  
Show
View Real Time Build Order
Export as new Build Order

soO Zerg - Winner!

Build Orders: Pool First, Muta Ling Bane 

Get SALT Encoding   

  12  0:00  Drone  
  13  0:12  Overlord  
  13  0:17  Drone  
  14  0:30  Drone  
  14  0:31  Drone  
  14  0:35  Drone  
  17  0:43  Spawning Pool  
  17  0:48  Drone  
  17  1:07  Hatchery  
  17  1:11  Drone  
  17  1:13  Drone  
  18  1:25  Extractor  
  17  1:30  Zergling x4, Queen  
  21  1:38  Overlord  
  21  1:50  Drone  
  22  2:01  Drone  
  23  2:08  Queen  
  25  2:10  Drone  
  26  2:19  Drone, Queen  
  29  2:23  Drone  
  29  2:29  Metabolic Boost  
  30  2:32  Drone x2  
  32  2:42  Overlord, Drone x2  
  33  2:44  Drone  
  34  2:51  Overlord  
  34  2:54  Drone  
  35  2:58  Drone  
  35  3:02  Drone  
  37  3:09  Drone  
  37  3:14  Hatchery, Zergling x2  
  37  3:18  Zergling x4  
  39  3:25  Queen  
  39  3:26  Zergling x2  
  42  3:27  Drone  
  42  3:29  Drone  
  42  3:33  Drone  
  45  3:36  Drone  
  45  3:40  Overlord  
  46  3:45  Zergling x2  
  46  3:46  Drone x2  
  49  3:49  Overlord  
  49  3:50  Drone x2  
  51  3:56  Drone  
  51  3:59  Baneling Nest  
  51  4:00  Drone  
  51  4:01  Drone x2  
  54  4:05  Queen  
  56  4:11  Overlord  
  56  4:13  Drone  
  57  4:19  Overlord  
  57  4:21  Drone  
  57  4:22  Drone x2  
  60  4:25  Zergling x4  
  60  4:26  Drone  
  60  4:27  Queen  
  65  4:33  Spore Crawler  
  65  4:35  Drone  
  65  4:38  Drone  
  66  4:43  Drone x2  
  67  4:51  Zergling x4  
  67  4:52  Drone, Zergling x2  
  66  4:53  Drone  
  66  4:54  Drone  
  66  5:02  Drone, Lair  
  66  5:03  Drone x2  
  66  5:06  Drone, Extractor  
  69  5:14  Drone x2  
  69  5:15  Spore Crawler, Drone  
  69  5:16  Spore Crawler  
  69  5:18  Drone x2  
  71  5:26  Drone x2  
  71  5:27  Drone  
  71  5:28  Drone  
  71  5:29  Drone x2  
  71  5:31  Drone  
  71  5:32  Drone x2  
  71  5:33  Drone  
  71  5:34  Drone  
  71  5:35  Drone  
  76  5:36  Drone  
  76  5:40  Drone x2  
  79  5:45  Drone  
  79  5:46  Extractor  
  79  5:47  Extractor  
  79  5:49  Drone  
  79  5:50  Drone  
  79  5:55  Drone  
  81  6:00  Overseer, Extractor  
  81  6:01  Drone x2, Extractor  
  81  6:02  Drone  
  81  6:03  Centrifical Hooks  
  82  6:04  Drone x3  
  82  6:05  Evolution Chamber, Drone x2  
  82  6:06  Evolution Chamber  
  82  6:08  Drone  
  86  6:13  Drone  
  87  6:23  Zergling x6  
  88  6:26  Drone x2  
  88  6:27  Drone  
  88  6:28  Hatchery  
  89  6:33  Zerg Melee Weapons Level 1, Zerg Ground Armor Level 1  
  89  6:42  Spire  
  89  6:43  Drone  
  89  6:44  Zergling x2  
  89  6:45  Overlord  
  89  6:46  Hatchery  
  89  6:48  Overlord  
  89  6:51  Overlord  
  89  6:52  Overlord, Hatchery  
  89  7:02  Overlord  
  89  7:03  Zergling x2  
  89  7:05  Zergling x16  
  89  7:07  Baneling  
  89  7:08  Baneling x5  
  97  7:09  Zergling x6  
  97  7:11  Baneling x2  
  100  7:15  Zergling x2  
  100  7:16  Zergling x4  
  100  7:21  Zergling x4  
  105  7:33  Zergling x2  
  105  7:34  Zergling x4  
  105  7:36  Overseer  
  105  7:41  Zergling x10  
  103  8:00  Mutalisk x7  
  116  8:05  Mutalisk  
  116  8:06  Mutalisk  
  116  8:08  Baneling x2  
  116  8:09  Baneling x2  
  116  8:10  Zergling x10  
  116  8:11  Overlord x2  
  125  8:14  Overlord  
  125  8:20  Overlord  
  125  8:26  Overlord  
  125  8:27  Baneling  
  125  8:31  Zergling x18  
  121  8:45  Drone x13  
  121  8:47  Extractor  
  131  8:50  Overseer  
  131  8:54  Drone x2  
  131  8:55  Zerg Ground Armor Level 2, Zerg Melee Weapons Level 2  
  133  8:56  Hatchery  
  132  9:07  Mutalisk x4  
  140  9:11  Drone x2  
  140  9:13  Zergling x12  
  140  9:14  Zergling x14  
  155  9:20  Pneumatized Carapace  
  155  9:21  Drone  
  155  9:22  Zerg Flyer Weapons Level 1  
  155  9:23  Infestation Pit  
  155  9:24  Overlord x2  
  155  9:26  Overlord  
  155  9:28  Overlord  
  155  9:31  Overlord  
  155  9:37  Drone x2  
  157  9:39  Spore Crawler, Drone  
  157  9:43  Mutalisk x4  
  165  9:47  Zergling x14  
  172  9:58  Drone  
  173  10:00  Zergling x24  
  173  10:01  Baneling x2  
  173  10:06  Hive  
  184  10:23  Zergling x6  
  183  10:32  Zergling x2  
  170  10:39  Baneling x6  
  170  10:40  Zergling x50  
  192  10:43  Baneling x4  
  192  10:49  Overseer x2  
  192  10:54  Zergling x16  
  200  10:57  Burrow  
  200  11:00  Baneling x9  
  199  11:19  Spine Crawler  
  199  11:21  Zergling x2  
  199  11:23  Spore Crawler, Baneling x9  
  170  11:38  Zergling x40  
  159  11:40  Zergling x16  
  159  11:43  Zerg Melee Weapons Level 3, Zerg Ground Armor Level 3  
  159  11:44  Zergling x8  
  159  11:45  Zergling x2  
  172  11:49  Zergling x8  
  172  11:52  Zergling x4  
  178  11:55  Zergling x2  
  178  11:56  Zergling x4  
  178  11:59  Baneling x15  
  178  12:00  Zergling x4  
  182  12:02  Baneling  
  182  12:03  Baneling x10  
  182  12:04  Zergling x4  
  184  12:10  Adrenal Glands  
  184  12:12  Ultralisk Cavern, Zergling x14  
  175  12:28  Zergling x26  
  160  12:33  Zergling x4  
  160  12:35  Zergling x2  
  160  12:36  Zergling x2  
  156  12:50  Zergling x22  
  154  12:55  Zergling x2  
  154  12:56  Zergling x6  
  155  13:04  Drone  
  155  13:09  Mutalisk x4  
  163  13:13  Baneling x12  
  163  13:14  Overseer x3  
  163  13:15  Zerg Flyer Weapons Level 2  
  163  13:18  Ultralisk x2, Extractor  
  163  13:19  Overlord, Hatchery  
  173  13:30  Ultralisk  
  173  13:33  Overlord  
  179  13:36  Baneling x8  
  179  13:38  Baneling x2  
  179  13:44  Drone  
  179  13:47  Baneling x2  
  175  14:04  Hatchery  
  175  14:07  Ultralisk x2  
  175  14:08  Zergling x22  
  188  14:15  Mutalisk  
  188  14:24  Zergling x4  
  190  14:25  Zergling x4  
  190  14:26  Drone  
  190  14:27  Overlord  
  190  14:30  Anabolic Synthesis  
  174  14:47  Ultralisk  
  174  14:48  Zergling x26  
  184  14:53  Zergling x6  
  184  14:58  Ultralisk, Zergling x14  
  184  14:59  Overlord  
  188  15:02  Overlord  
  188  15:05  Overlord  
  180  15:11  Drone  
  180  15:14  Overlord, Drone x4  
  181  15:20  Zergling x24  
  193  15:21  Baneling x14  
  192  15:29  Zergling x12  
  197  15:37  Zergling x6  
Tags
 
Add a new tag
Caveats
  • Supply blocks, unpowered buildings, or Contaminate may cause inaccurate times.
  • Supply counts are checked every 10 seconds.